 Dungeon Crawl Stone Soup version 0.24-a0-630-g0d56a85 (webtiles) character file.

Game seed: 1263270761291006625, levelgen mode: deterministic

5068 Spazmo the Thaumaturge (level 10, -15/50 HPs)
             Began as a Deep Elf Fire Elementalist on Sept 19, 2019.
             Killed by the air
             ... invoked by Gastronok
              (38 damage)
             ... on level 8 of the Dungeon.
             The game lasted 00:26:31 (8457 turns).

Spazmo the Thaumaturge (Deep Elf Fire Elementalist) Turns: 8457, Time: 00:26:32

Health: -15/50     AC:  5    Str: 10    XL:     10   Next: 31%
Magic:  17/27      EV: 13    Int: 29    God:
Gold:   464        SH:  0    Dex: 15    Spells: 17/32 levels left

rFire    . . .     SeeInvis +   D - +5 short sword (freeze)
rCold    . . .     Gourm    .   (no shield)
rNeg     + . .     Faith    .   a - +0 robe
rPois    .         Spirit   .   (no helmet)
rElec    .         Reflect  .   (no cloak)
rCorr    .         Harm     .   i - +0 pair of gloves
MR       +....                  e - +1 pair of boots
Stlth    ++........             (no amulet)
HPRegen  0.16/turn              A - ring of positive energy
MPRegen  0.20/turn              j - ring of see invisible

@: mighty, brilliant, hasted, very quick
A: no striking features
a: no special abilities


You were on level 8 of the Dungeon.
You were not hungry.

You visited 2 branches of the dungeon, and saw 9 of its levels.

You collected 464 gold pieces.

Inventory:

Hand Weapons
 D - a +5 short sword of freezing (weapon)
Missiles
 b - 292 stones (quivered)
Armour
 a - a +0 robe (worn)
 e - a +1 pair of boots (worn)
 i - a +0 pair of gloves (worn)
Magical Staves
 y - an uncursed staff of cold
Jewellery
 j - a ring of see invisible (right hand)
 m - an uncursed ring of protection from cold
 w - an uncursed ring of resist corrosion
 A - a ring of positive energy (left hand)
Wands
 g - a wand of polymorph (8)
 l - a wand of paralysis (4)
Scrolls
 d - 4 scrolls of teleportation
 k - 3 scrolls of remove curse
 p - 5 scrolls of amnesia
 s - 3 scrolls of magic mapping
 x - a scroll of random uselessness {unknown}
 C - a scroll of fear {unknown}
 E - a scroll of enchant armour
Potions
 f - 2 potions of curing
 n - a potion of invisibility
 o - a potion of might
 r - a potion of brilliance
 u - a potion of flight
 v - a potion of ambrosia
 z - a potion of lignification
 B - a potion of berserk rage {unknown}
Comestibles
 c - 11 rations


   Skills:
 - Level 2.4 Dodging
 - Level 2.4 Stealth
 + Level 11.7 Spellcasting
 + Level 9.8 Conjurations
 - Level 10.1 Fire Magic


You had 17 spell levels left.
You knew the following spells:

 Your Spells              Type           Power        Failure   Level  Hunger
a - Flame Tongue          Conj/Fire      #####        1%          1    None
b - Throw Flame           Conj/Fire      ######       1%          2    None
c - Conjure Flame         Conj/Fire      #######.     1%          3    None
d - Sticky Flame          Conj/Fire      #######.     1%          4    None
e - Fireball              Conj/Fire      #######...   1%          5    ##.....

Your spell library contained the following spells:

 Spells                   Type           Power        Failure   Level  Hunger
 Confusing Touch          Hex            ####..       1%          1    None
 Confuse                  Hex            ####....     1%          3    None
 Gell's Gravitas          Tloc           ####......   1%          3    None
 Inner Flame              Hex/Fire       ######..     1%          3    None
 Petrify                  Tmut/Erth      ####....     3%          4    None
 Metabolic Englaciation   Hex/Ice        ####......   10%         5    ##.....
 Yara's Violent Unravell  Hex/Tmut       ####......   10%         5    ##.....


Dungeon Overview and Level Annotations

Branches:
Dungeon (8/15)             Temple (1/1) D:7
   Lair: D:8-11

Altars:
Ashenzari
Cheibriados
Dithmenos
Elyvilon
Fedhas
Gozag
Hepliaklqana
Kikubaaqudgha
Makhleb
Nemelex Xobeh
Okawaru
Qazlal
Ru
Sif Muna
Trog
Uskayaw
Wu Jian
Xom
Yredelemnul
Zin
The Shining One

Shops:
D:7 =}}

Annotations:
D:4 Natasha
D:8 Gastronok


Message History

Aim: Gastronok, wearing a +1 hat The fireball explodes!
The fireball engulfs Gastronok!!
Gastronok is lightly wounded.
Gastronok gurgles, "I'll eat you, I will!"
Gastronok bites you!!
Ouch! That really hurt!
Casting: Fireball (safe; 1% risk of failure)
Confirm with . or Enter, or press ? or * to list all spells.
Aiming: Sticky Flame (safe; 1% risk of failure)
Press: ? - help, Shift-Dir - straight line, f/p - Gastronok
Aim: Gastronok, wearing a +1 hat (lightly wounded)
The sticky flame hits Gastronok.
Gastronok is lightly wounded.
Gastronok is covered in liquid flames!
Gastronok burns!
Gastronok burns!
Gastronok makes a strange noise.
Gastronok waves his eye-stalks in wide circles.
The air twists around and strikes you!
Ouch! That really hurt!
You die...

#.# #######.# #.# #..
#.##.# ### ##.##.##.# #
......#.# # #w##..#.# #
#.##..#.# # ###.##..#.#
####### ####..@##..#.#
#...... ............#.#
#.#....
#####....)....####.#.###
#######........#.#
#..........#
############


You could see Gastronok (burning).

Vanquished Creatures
  A two-headed ogre (D:8)
  Erica (D:8)
  Grinder (D:4)
  A hippogriff (D:8)
  Sigmund (D:6)
  Eustachio (D:6)
  A hungry ghost (D:7)
  Edmund (D:5)
  2 water moccasins
  2 orc warriors (D:7)
  A sky beast (D:6)
  An ice beast (D:5)
  4 ogres
  2 hornet zombies
  A phantom (D:4)
  2 centaurs (D:7)
  Blork the orc (D:5)
  A water moccasin zombie (D:7)
  2 scorpions
  5 wights (D:8)
  3 crimson imps
  2 centaur zombies
  5 hounds
  3 jellies
  A quasit (D:8)
  4 orc priests
  An orc wizard (D:3)
  Natasha (D:4)
  3 iguanas
  4 worker ants
  3 killer bee zombies
  A worker ant zombie (D:5)
  4 adders
  9 gnolls
  A shadow imp (D:8)
  An ooze (D:4)
  An adder zombie (D:8)
  An adder skeleton (D:6)
  2 dart slugs
  4 leopard geckos
  19 orcs
  4 ball pythons
  3 giant cockroaches
  7 goblins
  6 hobgoblins
  4 jackals
  6 quokkas
  10 bats
  4 frilled lizards
  10 kobolds
  2 quokka skeletons
  11 rats
172 creatures vanquished.

Notes
Turn   | Place    | Note
-------+----------+-------------------------------------------
     0 | D:1      | Spazmo the Deep Elf Fire Elementalist began the quest for
                  | the Orb.
     0 | D:1      | Reached XP level 1. HP: 10/10 MP: 6/6
   225 | D:1      | Reached XP level 2. HP: 15/15 MP: 6/8
   934 | D:2      | Learned a level 2 spell: Throw Flame
   939 | D:2      | Reached XP level 3. HP: 19/19 MP: 7/10
   966 | D:2      | Learned a level 3 spell: Conjure Flame
  1315 | D:2      | Reached skill level 4 in Spellcasting
  1762 | D:2      | Reached XP level 4. HP: 15/24 MP: 8/12
  1796 | D:2      | Learned a level 4 spell: Sticky Flame
  2325 | D:3      | Reached XP level 5. HP: 28/28 MP: 7/14
  2500 | D:3      | Found a shimmering blue altar of Sif Muna.
  2502 | D:3      | Found a bloodstained altar of Trog.
  2502 | D:3      | Found a glowing golden altar of the Shining One.
  2504 | D:3      | Reached skill level 5 in Spellcasting
  2985 | D:4      | Found a white marble altar of Elyvilon.
  3109 | D:4      | Noticed Grinder
  3113 | D:4      | HP: 1/28 [Grinder (6)]
  3114 | D:4      | Paralysed by Grinder for 2 turns
  3119 | D:4      | Killed Grinder
  3119 | D:4      | Reached skill level 5 in Fire Magic
  3119 | D:4      | Reached XP level 6. HP: 32/32 MP: 7/16
  3126 | D:4      | Learned a level 5 spell: Fireball
  3170 | D:4      | Reached skill level 6 in Spellcasting
  3302 | D:4      | Reached XP level 7. HP: 36/36 MP: 11/18
  3374 | D:4      | Found an iron altar of Okawaru.
  3427 | D:4      | Reached skill level 5 in Conjurations
  3521 | D:4      | Reached skill level 7 in Spellcasting
  4059 | D:4      | Noticed Natasha
  4062 | D:4      | Killed Natasha
  4372 | D:4      | Noticed Natasha
  4373 | D:5      | Entered Level 5 of the Dungeon
  4383 | D:5      | Noticed Edmund
  4393 | D:5      | Killed Edmund
  4393 | D:5      | Reached XP level 8. HP: 34/41 MP: 6/21
  4582 | D:5      | Reached skill level 8 in Spellcasting
  4700 | D:5      | Noticed Blork the orc
  4705 | D:5      | Killed Blork the orc
  5464 | D:6      | Noticed Sigmund
  5475 | D:6      | Killed Sigmund
  5475 | D:6      | Reached skill level 9 in Spellcasting
  5600 | D:6      | Noticed Eustachio
  5612 | D:6      | Killed Eustachio
  5893 | D:6      | Reached XP level 9. HP: 27/45 MP: 17/24
  6031 | D:6      | Found a shattered altar of Ashenzari.
  6490 | D:7      | Found a staircase to the Ecumenical Temple.
  6518 | D:7      | Reached skill level 10 in Spellcasting
  6653 | Temple   | Entered the Ecumenical Temple
  6752 | D:7      | Found Kuthriovo's Jewellery Emporium.
  6897 | D:7      | Found a glowing silver altar of Zin.
  6898 | D:7      | Found an opulent altar of Gozag.
  6939 | D:7      | You fall into a shaft and drop 1 floor!
  7257 | D:7      | Found Zepsik's Gadget Shoppe.
  7298 | D:7      | Found Harrew's Gadget Shoppe.
  7404 | D:7      | Found a hide-covered altar of Uskayaw.
  7540 | D:7      | Found a snail-covered altar of Cheibriados.
  7572 | D:7      | Found a shimmering altar of Xom.
  7573 | D:7      | Found a burning altar of Makhleb.
  7857 | D:8      | Noticed a two-headed ogre
  7873 | D:8      | Killed a two-headed ogre
  7873 | D:8      | Reached skill level 11 in Spellcasting
  7873 | D:8      | Reached XP level 10. HP: 32/50 MP: 16/27
  8000 | D:8      | Noticed Erica
  8072 | D:8      | Killed Erica
  8072 | D:8      | Reached skill level 10 in Fire Magic
  8420 | D:8      | Noticed Gastronok
  8457 | D:8      | Killed from afar by Gastronok

Levels and vault maps discovered:
D:1:      dpeg_arrival_morbid_curiosity, layout_basic
D:2:      layout_loops_ring
D:3:      layout_basic, gammafunk_temple_overflow_forgotten, first_ration
D:4:      layout_layer_cave, kennysheep_little_box, okawaru_altar_gauntlet_db,
          uniq_grinder, uniq_natasha
D:5:      layout_cave_pods, uniq_edmund, uniq_blork_the_orc
D:6:      minmay_general_purpose_star, layout_loops_ring, kennysheep_mini_moat,
          minmay_between, uniq_eustachio, uniq_sigmund
D:7:      layout_gridville, grunt_temple_overflow_champion_of_chaos,
          grunt_temple_overflow_gold_and_silver, marbit_many_paths,
          old_standard_altar, minmay_temple_entry_glass, serial_shops, shop,
          nicolae_shop_stone, shop
D:8:      layout_loops_ring, basic_altar, uniq_harold, uniq_erica,
          uniq_gastronok
Temple:   dpeg_three_leaves_temple

Skill      XL: |  1  2  3  4  5  6  7  8  9 10 |
---------------+-------------------------------+-----
Conjurations   | 2 3 4 5 7 9 |  9.8
Spellcasting   | 4 5 6 7 9 11 | 11.7
Fire Magic     | 4 5 6 8 9 10 | 10.1
Dodging        | |  2.4
Stealth        | |  2.4

Action                   |  1- 3 |  4- 6 |  7- 9 | 10-12 || total
-------------------------+-------+-------+-------+-------++-------
Melee: Dagger            |     1 |       |     3 |       ||     4
       Long sword        |       |       |    55 |       ||    55
 Cast: Flame Tongue      |    79 |    60 |   163 |    27 ||   329
       Throw Flame       |       |    11 |    40 |     7 ||    58
       Sticky Flame      |       |     2 |    25 |     3 ||    30
       Fireball          |       |       |     4 |     5 ||     9
       Conjure Flame     |       |       |     3 |     3 ||     6
  Use: Scroll            |     4 |     2 |     5 |     5 ||    16
       Potion            |     2 |     5 |     1 |     4 ||    12
 Stab: Sleeping          |       |       |     1 |       ||     1
  Eat: Chunk             |     2 |     5 |    11 |       ||    18
       Ration            |       |       |     2 |       ||     2
Armor: Robe              |     4 |     3 |    36 |       ||    43
Dodge: Dodged            |    14 |    16 |    74 |     5 ||   109
       Rpst.: Long sword |       |       |    13 |     1 ||    14

Table legend:
 A = Non-vault XP
 B = Vault XP
 C = Vault XP percentage of total XP
 D = Non-vault monster count
 E = Vault monster count
 F = Vault count percentage of total count
                 A         B        C        D         E       F
            +---------+---------+-------+---------+---------+-------
      Total |    4929 |    2312 |  31.9 |     146 |      26 |  15.1
            +---------+---------+-------+---------+---------+-------
        D:1 |      22 |       9 |  29.0 |      14 |       5 |  26.3
        D:2 |     135 |       0 |   0.0 |      27 |       0 |   0.0
        D:3 |     121 |       0 |   0.0 |      24 |       0 |   0.0
        D:4 |     664 |     361 |  35.2 |      24 |       8 |  25.0
        D:5 |     555 |     252 |  31.2 |       9 |       2 |  18.2
        D:6 |     439 |     742 |  62.8 |       8 |       8 |  50.0
        D:7 |    1229 |      51 |   4.0 |      22 |       2 |   8.3
        D:8 |    1764 |     897 |  33.7 |      18 |       1 |   5.3
            +---------+---------+-------+---------+---------+-------
